 Dungeon Crawl Stone Soup version 0.23.0 (webtiles) character file.

Game seed: 2820838167859090311

1108 Monsterracer the Spear-Bearer (level 8, 0/63 HPs)
             Began as a Merfolk Abyssal Knight on Feb 9, 2019.
             Was a Priest of Lugonu.
             Succumbed to Sigmund's poison
             ... on level 5 of the Dungeon.
             The game lasted 00:08:32 (6787 turns).

Monsterracer the Spear-Bearer (MfAK)                Turns: 6787, Time: 00:08:33

Health: 0/63       AC:  6    Str: 15    XL:     8   Next: 33%
Magic:  11/11      EV: 28    Int: 11    God:    Lugonu [***...]
Gold:   266        SH:  4    Dex: 13    Spells: 7/7 levels left

rFire    . . .     SeeInvis .   a - +1 spear
rCold    . . .     Gourm    .   v - +0 buckler
rNeg     . . .     Faith    .   l - +0 ring mail
rPois    .         Spirit   .   (no helmet)
rElec    +         Reflect  .   r - +0 cloak
rCorr    .         Harm     .   (no gloves)
MR       +....                  (no boots)
Stlth    ..........             x - amulet of the acrobat
HPRegen  0.20/turn              u - ring of attention (curse)
MPRegen  0.12/turn              s - ring of Xodwaeq {rElec MR+}

@: lethally poisoned (0 -> -15), acrobat
A: change form in water, swift swim, stealthy swim
a: Depart the Abyss, Bend Space, Banish, Renounce Religion


You were on level 5 of the Dungeon.
You worshipped Lugonu.
Lugonu was most pleased with you.
You were not hungry.

You visited 1 branch of the dungeon, and saw 5 of its levels.
You visited the Abyss 1 time.

You collected 266 gold pieces.

Inventory:

Hand Weapons
 a - a +1 spear (weapon)
Missiles
 m - a throwing net (quivered) {!f}
Armour
 l - a +0 ring mail (worn)
 r - a +0 cloak (worn)
 v - a +0 buckler (worn)
Jewellery
 b - an uncursed ring of positive energy
 s - the ring of Xodwaeq (right hand) {rElec MR+}
   (You found it on level 4 of the Dungeon)

   [ring of protection from magic]

   It insulates you from electricity.
   It affects your resistance to hostile enchantments.
 u - a cursed ring of attention (left hand)
 x - an amulet of the acrobat (around neck)
Wands
 w - a wand of paralysis (10)
Scrolls
 d - 7 scrolls of teleportation {unknown}
 f - a scroll of amnesia {unknown}
 i - 7 scrolls of identify {unknown}
 j - a scroll of enchant armour {unknown}
 k - 4 scrolls of remove curse {unknown}
 q - a scroll of enchant weapon {unknown}
Potions
 e - 6 potions of curing
 g - a potion of flight {unknown}
 h - 2 potions of haste {unknown}
 n - a potion of brilliance {unknown}
 o - 2 potions of heal wounds {unknown}
 p - a potion of agility {unknown}
 t - 2 potions of mutation {unknown}
Comestibles
 c - 8 rations
 z - 5 chunks of flesh


   Skills:
 + Level 5.5 Fighting
 * Level 8.9 Polearms
 - Level 0.6 Armour
 + Level 6.0 Dodging
 + Level 2.1 Shields
 + Level 4.8 Invocations


You had 7 spell levels left.
You didn't know any spells.
Your spell library was empty.

Dungeon Overview and Level Annotations

Branches:
Dungeon (5/15)
 Temple: D:4-7

Altars:

Shops:
D:5 :=}*

Annotations:
D:5 Sigmund


Message History

Attack whom?
Press: ? - help, Dir - move target cursor You reach to attack!
You hit something. Something hits you!
You are poisoned.
You take 9 damage, and have 52/63 hp.
Attack whom?
Press: ? - help, Dir - move target cursor You reach to attack!
You closely miss something.
You feel sick.
You take 1 damage, and have 51/63 hp.
Attack whom?
Press: ? - help, Dir - move target cursor You reach to attack!
You closely miss something.
You feel sick.
You take 1 damage, and have 50/63 hp.
Attack whom?
Press: ? - help, Dir - move target cursor You reach to attack!
You closely miss something. Something hits you but does no damage.
You are more poisoned.
Attack whom?
Press: ? - help, Dir - move target cursor You reach to attack!
You hit something.
You feel sick.
You take 1 damage, and have 50/63 hp.
Attack whom?
Press: ? - help, Dir - move target cursor You reach to attack!
You hit something.
You feel sick. You block something's attack.
You take 1 damage, and have 49/63 hp.
Attack whom?
Press: ? - help, Dir - move target cursor You reach to attack!
You hit something.
Attack whom?
Press: ? - help, Dir - move target cursor You reach to attack!
You miss something.
You feel sick. Something hits you!
You are more poisoned.
You take 8 damage, and have 41/63 hp.
Attack whom?
Press: ? - help, Dir - move target cursor You reach to attack!
You closely miss something.
You feel sick.
You take 2 damage, and have 39/63 hp.
Attack whom?
Press: ? - help, Dir - move target cursor You reach to attack!
You miss something.
You feel sick.
You take 1 damage, and have 38/63 hp.
Attack whom?
Press: ? - help, Dir - move target cursor You reach to attack!
You closely miss something.
You feel sick.
You hear some strange, mumbled words.
A puff of flame appears from out of thin air!
The puff of flame hits you.
You take 5 damage, and have 33/63 hp.
Attack whom?
Press: ? - help, Dir - move target cursor You reach to attack!
You hit something.
You feel sick. Something hits you!
* * * LOW HITPOINT WARNING * * *
You are lethally poisoned!
You take 10 damage, and have 23/63 hp.
Unknown command.
Unknown command.
Unknown command.
Unknown command.
Evoke which item? (* to show all) (? for menu, Esc to quit)
Aiming: Paralyse
Press: ? - help, Shift-Dir - straight line, f - you That beam is likely to hit you.
Continue anyway?
Okay, then.
* * * LOW HITPOINT WARNING * * *
You feel very sick.
You take 3 damage, and have 20/63 hp.
* * * LOW HITPOINT WARNING * * *
You feel very sick.
You take 3 damage, and have 17/63 hp.
* * * LOW HITPOINT WARNING * * *
You feel very sick.
You take 3 damage, and have 14/63 hp.
* * * LOW HITPOINT WARNING * * *
You feel sick.
A magic dart appears from out of thin air!
The magic dart hits you.
* * * LOW HITPOINT WARNING * * *
You take 8 damage, and have 6/63 hp.
It was a potion of curing.
You feel better.
e - 6 potions of curing;
d - 7 scrolls labeled MIMNEU HULOCK You regained 12 hp, and now have 18/63 hp.
You hear some strange, mumbled words.
A magic dart appears from out of thin air!
The magic dart hits you.
* * * LOW HITPOINT WARNING * * *
You take 6 damage, and have 12/63 hp.
You hit something. You block something's attack.
Unknown command.
You closely miss something. You puncture something! Something hits you!
* * * LOW HITPOINT WARNING * * *
You are lethally poisoned!
You take 10 damage, and have 2/63 hp.
You hit something.
* * * LOW HITPOINT WARNING * * *
You feel sick.
You take 1 damage, and have 1/63 hp.
You die...

#...........................
#....#.....................#
#................#.#........
#.#.#............#.#........
#...........#....#.........#
#####....................##...
#....)....#..............
#.###.....#...#....?.....
#.#.#.#....@..#......
###.#.#.......#.#....
#.#.#..)###.# # ...
#.#.#....{..# .. #.#.#.?..####
# #.#.#....# #.#.#....#
#.#.#..<.# #.....#..#


There were no monsters in sight!

Vanquished Creatures
  4 ogres
  A scorpion (D:4)
  2 hounds
  3 orc wizards
  An orc priest (D:4)
  3 bullfrog skeletons
  A centaur skeleton (D:4)
  5 worker ants (D:4)
  A hound zombie (D:5)
  2 hound skeletons (D:4)
  4 worker ant zombies
  7 gnolls
  5 adders
  A worm (D:2)
  3 leopard geckos
  16 orcs
  A bat (D:1)
  6 giant cockroaches
  6 goblins
  14 hobgoblins
  7 jackals
  7 kobolds
  7 quokkas
  5 frilled lizards
  4 rats
116 creatures vanquished.

Notes
Turn   | Place    | Note
-------+----------+-------------------------------------------
     0 | Abyss:1  | Monsterracer the Merfolk Abyssal Knight began the quest for
                  | the Orb.
     0 | Abyss:1  | Reached XP level 1. HP: 18/18 MP: 2/2
    33 | Abyss:1  | Noticed a starcursed mass
    36 | Abyss:1  | Noticed a ynoxinul
    37 | Abyss:1  | HP: 9/18 [ynoxinul (9)]
    38 | D:1      | Escaped the Abyss
   248 | D:1      | Reached * piety under Lugonu
   308 | D:1      | Reached XP level 2. HP: 24/24 MP: 3/3
   879 | D:1      | Reached XP level 3. HP: 29/29 MP: 4/4
  1058 | D:2      | Reached skill level 4 in Polearms
  1441 | D:2      | HP: 14/30 [gnoll/+0 spear (10)]
  1448 | D:2      | HP: 8/30 [gnoll/+0 spear (6)]
  1453 | D:2      | HP: 3/30 [gnoll/+0 spear (6)]
  2145 | D:2      | Reached XP level 4. HP: 27/37 MP: 5/5
  2171 | D:2      | HP: 18/37 [gnoll/+0 whip (6)]
  2177 | D:2      | HP: 14/37 [gnoll/+0 whip (4)]
  2190 | D:2      | HP: 13/37 [gnoll/+0 whip (3)]
  2203 | D:2      | HP: 9/37 [gnoll/+0 spear (5)]
  2336 | D:1      | HP: 11/37 [gnoll/+0 flail (15)]
  2619 | D:2      | Reached skill level 5 in Polearms
  2796 | D:2      | HP: 17/37 [gnoll (4)]
  2800 | D:2      | Reached XP level 5. HP: 19/42 MP: 7/7
  2803 | D:2      | HP: 11/42 [gnoll/cursed +0 whip (8)]
  3161 | D:2      | Reached ** piety under Lugonu
  3721 | D:3      | Reached skill level 6 in Polearms
  3721 | D:3      | Reached XP level 6. HP: 44/48 MP: 8/8
  4009 | D:4      | HP: 24/49 [hound skeleton (3)]
  4164 | D:4      | HP: 24/49 [poisoned by a worker ant]
  4172 | D:4      | HP: 24/49 [poisoned by a worker ant]
  4336 | D:4      | Got a shimmering jade ring
  4338 | D:4      | Identified the ring of Xodwaeq {rElec MR+} (You found it on
                  | level 4 of the Dungeon)
  4431 | D:4      | Reached skill level 7 in Polearms
  4431 | D:4      | Reached XP level 7. HP: 42/55 MP: 9/9
  4632 | D:4      | Reached skill level 5 in Dodging
  4823 | D:4      | HP: 27/55 [ogre/+0 giant club (16)]
  4825 | D:4      | Reached skill level 5 in Fighting
  5238 | D:4      | Reached skill level 1 in Shields
  5238 | D:4      | HP: 23/56 [orc/+2 flail of crushing (6)]
  5243 | D:4      | HP: 19/56 [orc/+2 flail of crushing (4)]
  5259 | D:4      | HP: 10/56 [orc/+0 short sword (2)]
  5270 | D:4      | HP: 11/56 [orc/+0 dagger (1)]
  5279 | D:4      | HP: 11/56 [orc/+1 short sword of venom (1)]
  5280 | D:4      | Reached *** piety under Lugonu
  5286 | D:4      | HP: 9/56 [poisoned by an orc]
  5294 | D:4      | HP: 9/56 [poisoned by an orc]
  5596 | D:4      | Reached skill level 8 in Polearms
  5750 | D:4      | Reached XP level 8. HP: 44/62 MP: 11/11
  6299 | D:5      | Entered Level 5 of the Dungeon
  6299 | D:5      | Found Ynaaguck's Gadget Emporium.
  6433 | D:5      | Found Xistrick's Jewellery Boutique.
  6516 | D:5      | Found Meh Fuik's Assorted Antiques.
  6681 | D:5      | Found Riozil's Book Boutique.
  6752 | D:5      | Noticed Sigmund
  6775 | D:5      | HP: 31/63 [poisoned by Sigmund]
  6778 | D:5      | HP: 14/63 [poisoned by Sigmund]
  6779 | D:5      | HP: 6/63 [something/magic dart (6)]
  6785 | D:5      | HP: 2/63 [something (10)]
  6787 | D:5      | Succumbed to Sigmund's poison

Skill      XL: |  1  2  3  4  5  6  7  8 |
---------------+-------------------------+-----
Dodging        | 3 4 5 6 |  6.0
Polearms       | 4 5 6 7 8 |  8.9
Fighting       | 4 5 |  5.5
Invocations    | 3 4 |  4.8
Shields        | 1 2 |  2.1
Armour         | |  0.6

Action                   |  1- 3 |  4- 6 |  7- 9 || total
-------------------------+-------+-------+-------++-------
Melee: Spear             |   151 |   257 |   288 ||   696
Invok: Depart the Abyss  |     1 |       |       ||     1
  Use: Potion            |       |       |     1 ||     1
  Eat: Chunk             |     4 |     7 |     8 ||    19
Armor: Leather armour    |    13 |       |       ||    13
       Ring mail         |     6 |    46 |    45 ||    97
Dodge: Dodged            |    85 |   116 |    80 ||   281
Block: Buckler           |       |       |    24 ||    24

Levels and vault maps discovered:
D:1:      wander_arrival_fairy_ring, layout_basic
D:2:      layout_rooms, first_ration
D:3:      layout_basic, kennysheep_generic_room_12
D:4:      layout_basic, chequers_serial_rivers_micro_b, hex_intersection,
          hangedman_abyss_or_decor_passed
D:5:      layout_basic, minmay_temple_entry_ruins, serial_shops, shop,
          nicolae_shop_overgrown_old_shop, shop, shop, shop, uniq_sigmund,
          uniq_ijyb
Abyss:1
